 Dungeon Crawl Stone Soup version 0.16-a0-3272-g378764d (webtiles) character file.

35 Thrassey the Poker (level 3, -1/18 HPs)
             Began as a Vine Stalker Skald on Feb 5, 2015.
             Slain by Sigmund
             ... wielding a +0 scythe
              (12 damage)
             ... on level 3 of the Dungeon.
             The game lasted 00:04:55 (1247 turns).

Thrassey the Poker (Vine Stalker Skald)             Turns: 1247, Time: 00:04:55

Health: -1/18      AC:  4    Str: 14    XL:     3   Next: 35%
Magic:  0/7        EV:  5    Int: 12    God:
Gold:   64         SH:  0    Dex: 14    Spells: 3 memorised, 0 levels left

rFire  . . .     SeeInvis .     a - +1 spear
rCold  . . .     Clarity  .     b - +0 leather armour
rNeg   . . .     SustAb   .     (no shield)
rPois  .         Gourm    .     (no helmet)
rElec  .         Spirit   +     (no cloak)
rCorr  .         Warding  .     o - +0 pair of gloves (curse)
rMut   .         Stasis   .     (no boots)
MR     .....                    (no amulet)
Stlth  +.........               (no ring)
                                n - -6 ring of evasion (curse)

@: infused (expiring), not resistant to hostile enchantments, very unstealthy
A: fangs 2, regeneration 1, magic shield, antimagic bite, no device heal 3, rot
immunity
a: no special abilities


You were on level 3 of the Dungeon.
You were very hungry.

You visited 1 branch of the dungeon, and saw 3 of its levels.

You collected 64 gold pieces.

Inventory:

Hand weapons
 a - a +1 spear (weapon)
Armour
 b - a +0 leather armour (worn)
 o - a cursed +0 pair of gloves (worn)
Jewellery
 n - a cursed -6 ring of evasion (left hand)
Scrolls
 h - 2 scrolls of identify
 p - a scroll of fog {unknown}
Potions
 e - a potion of brilliance {unknown}
 f - a potion of might
 i - 2 potions of curing
 j - a potion of haste
 k - 3 potions of heal wounds
 l - a potion of cure mutation {unknown}
 m - a potion of agility {unknown}
 q - a potion of flight {unknown}
Books
 c - a book of Battle

   Spells                             Type                      Level
   a - Infusion                       Charms                       1
   b - Shroud of Golubria             Charms/Translocation         2
   c - Song of Slaying                Charms                       2
   d - Spectral Weapon                Hexes/Charms                 3
   e - Regeneration                   Charms/Necromancy            3
Comestibles
 d - 2 bread rations
 g - a slice of pizza


   Skills:
 - Level 1.7 Fighting
 * Level 3.3 Polearms
 - Level 0.7 Armour
 - Level 0.7 Dodging
 - Level 2.1 Spellcasting
 - Level 3.0 Charms


You couldn't memorise any spells.
You knew the following spells:

 Your Spells              Type           Power        Failure   Level  Hunger
a - Infusion              Chrm           #.....       10%         1    ##.....
b - Shroud of Golubria    Chrm/Tloc      #.........   21%         2    ###....
c - Spectral Weapon       Hex/Chrm       #.......     43%         3    ####...


Dungeon Overview and Level Annotations

Branches:
Dungeon (3/15)

Altars:
Qazlal
Ru

Annotations:
D:3 Sigmund


Innate Abilities, Weirdness & Mutations

You have extremely sharp teeth.
Your natural rate of healing is unusually fast.
When hurt, damage is shared between your health and your magic reserves.
Your bite disrupts and absorbs the magic of your enemies.
Potions and wands cannot restore your health.
You are immune to rotting.


Message History

Casting: Infusion
Confirm with . or Enter, or press ? or * to list all spells.
You draw out your weapon's spirit!
Sigmund hits you from afar with a scythe!
Attack whom?
Press: ? - help, Dir - move target cursor, f - Sigmund
Aim: Sigmund, wielding a scythe and wearing a robe You reach to attack!
You hit Sigmund!
Sigmund is moderately wounded.
Your magical infusion is running out.
Your spectral weapon closely misses Sigmund.
Attack whom?
Press: ? - help, Dir - move target cursor, f/p - Sigmund
Aim: Sigmund, wielding a scythe and wearing a robe (moderately wounded)
You reach to attack!
You hit Sigmund.
Sigmund is moderately wounded.
Your spectral weapon hits Sigmund from afar.
Sigmund hits you from afar with a scythe!
Ouch! That really hurt!
You die...

##.#.#)##.# #.#.#.##.#
#.<......## ....#......#
. ###.#..##..# (#
..#......# ..##
..<#.##...# #####....?
.....##...####........w.
................@(.......
......##.##.#............
... #. #.#.####@..... ..
....# ....#. #.####..#
...# .. #..# ...# . #.##
.. #.# . ..


You could see Sigmund, a worm and a friendly spectral spear.

Vanquished Creatures
  An adder (D:3)
  2 giant cockroaches (D:1)
  5 hobgoblins
  6 kobolds (D:2)
  2 quokkas (D:2)
  2 bats (D:1)
  4 goblins
  4 rats
26 creatures vanquished.

Notes
Turn   | Place    | Note
--------------------------------------------------------------
     0 | D:1      | Thrassey, the Vine Stalker Skald, began the quest for the Orb.
     0 | D:1      | Reached XP level 1. HP: 11/11 MP: 3/3
   314 | D:1      | Reached XP level 2. HP: 12/15 MP: 3/5
   320 | D:1      | Learned a level 2 spell: Shroud of Golubria
   541 | D:2      | Found a stormy altar of Qazlal.
   723 | D:2      | Found a sacrificial altar of Ru.
   836 | D:2      | Reached XP level 3. HP: 16/18 MP: 7/7
   841 | D:2      | Learned a level 3 spell: Spectral Weapon
  1243 | D:3      | Noticed Sigmund
  1247 | D:3      | Slain by Sigmund

Action                   || total
-------------------------++-------
Melee: Spear             ||    88
 Cast: Infusion          ||     2
       Spectral Weapon   ||     1
  Use: Scroll            ||     5
